 Dungeon Crawl Stone Soup version 0.31.0-11-ge490571c62 (webtiles) character file.

Game seed: 3735061035729725804

599 jasper the Trooper (level 7, -1/60 HPs)
             Began as an Armataur Berserker on Feb 4, 2024.
             Was a Priest of Trog.
             Splashed by a jelly's acid (8 damage)
             ... on level 4 of the Dungeon.
             The game lasted 00:06:27 (3114 turns).

jasper the Trooper (Armataur Berserker)             Turns: 3114, Time: 00:06:28

Health: -1/60      AC: -15   Str: 20 (23) XL:     7   Next: 17%
Magic:  7/7        EV: 10    Int:  4 (7)  God:    Trog [***...]
Gold:   156        SH:  0    Dex: 16 (17) Spells: 6/6 levels left

rFire   . .          .
                       - Unarmed
rCold   . . .        (no shield)
rNeg    . . .        i - +0 ring mail
rPois   .            g - +0 helmet
rElec   .            (no cloak)
rCorr   .            f - +0 pair of gloves
SInv    .            (no barding)
Will    .....        l - amulet of faith
Stlth   +            p - +6 ring of dexterity
HPRegen 0.30/turn    (no ring)
MPRegen 0.10/turn

%: roll, faith
@: corroded, on berserk cooldown, slowed, invisible, very slow
A: large, deformed body, tough skin 3, armoured tail, roll 2
a: Renounce Religion, Berserk, Trog's Hand


You were on level 4 of the Dungeon.
You worshipped Trog.
Trog was most pleased with you.
You visited 1 branch of the dungeon, and saw 4 of its levels.

You collected 156 gold pieces.

Inventory:

Missiles
 d - 69 stones (quivered)
Armour
 a - a +0 animal skin
 b - a +0 leather armour
 c - a +0 chain mail
 f - a +0 pair of gloves (worn)
 g - a +0 helmet (worn)
 i - a +0 ring mail (worn)
Magical Staves
 e - a staff of cold
Jewellery
 l - an amulet of faith (around neck)
 p - a +6 ring of dexterity (left hand)
Wands
 h - a wand of polymorph (4)
 r - a wand of roots (9)
Scrolls
 m - a scroll of revelation
Potions
 k - 2 potions of brilliance


   Skills:
 + Level 4.9 Fighting
 - Level 2.4 Armour
 + Level 3.5 Dodging
 + Level 4.9 Unarmed Combat


You had 6 spell levels left.
You didn't know any spells.
Your spell library was empty.

Dungeon Overview and Level Annotations

Branches:
Dungeon (4/15)
 Temple: D:4-7

Altars:
Ashenzari
Fedhas
Hepliaklqana
Qazlal
Xom
Zin

Annotations:
D:4 Dowan


Innate Abilities, Weirdness & Mutations

Armour fits poorly on your strangely shaped body.
You have extremely tough skin. (AC +3)
You have a long armoured tail.
You regenerate magic and health when rolling toward enemies. (Rampage Regen)


Message History

The acid corrodes you!
You are splashed with acid!
Okay, then.
The jelly hits you. The acid corrodes you!
You are splashed with acid!
* * * LOW HITPOINT WARNING * * *
Okay, then.
Okay, then.
Unknown command.
You feel better.
You feel the effects of Trog's Hand fading.
The jelly hits you.
You are splashed with acid.
* * * LOW HITPOINT WARNING * * *
It was a potion of ambrosia.
You are confused.
You feel invigorated.
Dowan casts a spell.
Dowan blinks!
The jelly barely misses you. The jelly hits you. The acid corrodes you!
You are splashed with acid!
* * * LOW HITPOINT WARNING * * *
It was a potion of degeneration.
There was something very wrong with that liquid.
You feel weakened.
You feel dopey.
You feel clumsy.
Dowan casts a spell.
Dowan blinks!
The jelly hits you. The acid corrodes you!
You are splashed with acid!
* * * LOW HITPOINT WARNING * * *
It was a potion of invisibility.
You fade into invisibility!
Your skin stops crawling.
You feel less strong-willed. The jelly hits you.
* * * LOW HITPOINT WARNING * * *
You are splashed with acid!
* * * LOW HITPOINT WARNING * * *
The jelly closely misses you.
You feel better.
You feel less invigorated. The jelly hits you.
You are splashed with acid!
* * * LOW HITPOINT WARNING * * *
The jelly hits you.
* * * LOW HITPOINT WARNING * * *
You are splashed with acid!
You die...

#....#.####.....)...
##.....# ##...#.##..
#..##.###..#####...
##......#...###....
##..........##....
##....#..#.......
####....#..##......#
#.#.....#..#.......#
##.#@.......##.......
#..J........##.......
#..##.......#........
##.####.....#.....#..
##).............###.
#......##......####.
#....e...#..##..##...
#.......##.# #.......
....#...$#
.....##.#.#


You could see a jelly.

Vanquished Creatures
  Duvessa (D:4)
  A phantom (D:4)
  2 jellies (D:4)
  A gnoll bouda (D:4)
  An iguana (D:3)
  Natasha (thrice) (D:4)
  Robin (D:2)
  8 gnolls
  4 adders
  A dart slug (D:1)
  A ribbon worm (D:2)
  2 orcs
  14 endoplasms
  2 giant cockroaches
  14 goblins
  10 hobgoblins
  6 jackals (D:2)
  3 quokkas (D:1)
  10 ball pythons
  9 bats
  4 frilled lizards
  8 kobolds
  10 rats
116 creatures vanquished.

Notes
Turn   | Place    | Note
-------+----------+-------------------------------------------
     0 | D:1      | jasper the Armataur Berserker began the quest for the Orb.
     0 | D:1      | Reached XP level 1. HP: 18/18 MP: 1/1
   133 | D:1      | Reached XP level 2. HP: 25/25 MP: 2/2
   394 | D:1      | Reached ** piety under Trog
   416 | D:1      | Reached XP level 3. HP: 29/31 MP: 3/3
   751 | D:1      | Found a faded altar of an unknown god.
   824 | D:2      | Noticed Robin
   836 | D:2      | Killed Robin
   862 | D:2      | Reached XP level 4. HP: 33/38 MP: 4/4
  1660 | D:3      | Found a broken altar of Ashenzari.
  1691 | D:3      | Reached *** piety under Trog
  1777 | D:3      | Reached XP level 5. HP: 35/46 MP: 5/5
  1869 | D:3      | Found a hazy altar of Hepliaklqana.
  2145 | D:3      | Found a blossoming altar of Fedhas.
  2214 | D:3      | Found a faded altar of an unknown god.
  2216 | D:3      | Found a shimmering altar of Xom.
  2325 | D:3      | Found a glowing silver altar of Zin.
  2451 | D:4      | Noticed Natasha
  2452 | D:4      | Noticed a phantom
  2461 | D:4      | Killed a phantom
  2462 | D:4      | Reached XP level 6. HP: 52/52 MP: 6/6
  2463 | D:4      | Killed Natasha
  2604 | D:4      | Noticed Natasha
  2619 | D:4      | Killed Natasha
  2697 | D:4      | Noticed Natasha
  2724 | D:4      | Killed Natasha
  2802 | D:4      | Found a stormy altar of Qazlal.
  3077 | D:4      | Noticed Duvessa
  3077 | D:4      | Noticed Dowan
  3091 | D:4      | Killed Duvessa
  3092 | D:4      | Gained mutation: You regenerate magic and health when
                  | rolling toward enemies. (Rampage Regen) [Armataur growth]
  3092 | D:4      | Reached XP level 7. HP: 60/60 MP: 7/7
  3114 | D:4      | Splashed by a jelly's acid

Illustrated notes

Levels and vault maps discovered:
D:1:      saegor_arrival_simple_e, layout_basic,
          shapermc_ecumenical_altar_acropolis, grunt_decor_fettered
D:2:      layout_loops_ring, uniq_robin
D:3:      layout_basic, nicolae_overflow_ecumenical_swirl,
          nicolae_overflow_hidden_temple, evilmike_ruin_ashenzari,
          fedhas_altar_3, mainiacjoe_overflow_brackets
D:4:      layout_cave_pools, nicolae_qazlal_general_emergency, uniq_natasha,
          uniq_duvessa

Skill      XL: |  1  2  3  4  5  6 |
---------------+-------------------+-----
Fighting       | 3 4 |  4.9
Unarmed Combat | 3 4 |  4.9
Dodging        | 2 3 |  3.5
Armour         | |  2.4

Action                     |  1- 3 |  4- 6 |  7- 9 || total
---------------------------+-------+-------+-------++-------
  Melee: Unarmed           |   114 |   198 |    10 ||   322
         Tailslap          |    15 |    28 |     2 ||    45
         Punch             |     3 |     1 |       ||     4
 Invoke: Berserk           |     1 |     5 |       ||     6
         Trog's Hand       |     1 |     1 |     1 ||     3
    Use: Potion            |     2 |       |     6 ||     8
         Scroll            |       |     7 |       ||     7
 Armour: Chain mail        |    53 |       |       ||    53
         Leather armour    |     6 |       |       ||     6
         Ring mail         |     8 |   112 |    13 ||   133
         Skin              |     6 |       |       ||     6
  Dodge: Dodged            |    42 |    73 |     9 ||   124
